 Dungeon Crawl Stone Soup version 0.29.1-1-gd02db6906a (webtiles) character file.

Game seed: 1555380094155825289

1703 MisterFreud the Cruncher (level 9, -15/68 HPs)
             Began as a Formicid Gladiator on Oct 10, 2022.
             Demolished by a troll (22 damage)
             ... on level 10 of the Dungeon.
             The game lasted 00:10:04 (8990 turns).

MisterFreud the Cruncher (Formicid Gladiator)       Turns: 8990, Time: 00:10:06

Health: -15/68     AC: 13    Str: 20    XL:     9   Next: 23%
Magic:  9/9        EV:  9    Int:  9    God:
Gold:   391        SH:  0    Dex: 17    Spells: 8/8 levels left

rFire   . . .      SeeInvis +   s - +3 quarterstaff (chaos)
rCold   . . .      Faith    .   u - orb {light}
rNeg    . . .      Spirit   .   h - +0 chain mail
rPois   .          Reflect  .   (helmet unavailable)
rElec   .          Harm     .   x - +2 cloak
rCorr   .          Rampage  .   (no gloves)
Will    .....                   (no boots)
Stlth   ..........              (no amulet)
HPRegen 0.21/turn               (no ring)
MPRegen 0.11/turn               (no ring)

@: glowing
A: permanent stasis, dig shafts and tunnels, antennae 3, four strong arms
a: Dig, Shaft Self


You were on level 10 of the Dungeon.
You visited 2 branches of the dungeon, and saw 10 of its levels.

You collected 420 gold pieces.
You spent 29 gold pieces at shops.

Inventory:

Hand Weapons
 a - a +1 quarterstaff
 s - a +3 quarterstaff of chaos (weapon)
Missiles
 c - 4 throwing nets
 d - a javelin
 g - 17 poisoned darts (quivered)
 i - 15 boomerangs
Armour
 h - a +0 chain mail (worn)
 u - an orb of light (worn)
 x - a +2 cloak (worn)
 y - the +2 leather armour "Miji Juu" {rElec rPois rF++ Stlth-}
   (You found it on level 8 of the Dungeon)

   rF:        It greatly protects you from fire.
   rElec:     It insulates you from electricity.
   rPois:     It protects you from poison.
   Stlth:     It makes you less stealthy.
Wands
 j - a wand of charming (7)
 n - a wand of digging (7)
 p - a wand of roots (7)
 v - a wand of flame (14)
Scrolls
 b - a scroll of magic mapping
 t - 2 scrolls of identify
Potions
 e - 2 potions of ambrosia
 f - 3 potions of magic
 k - 3 potions of flight
 l - 3 potions of attraction
 m - 3 potions of curing
 o - 5 potions of might
 q - 4 potions of lignification
 w - a potion of resistance {unknown}
 z - a potion of cancellation {unknown}


   Skills:
 - Level 5.0 Fighting
 + Level 8.5 Staves
 - Level 2.0 Throwing
 - Level 5.0 Armour
 - Level 2.6 Dodging
 - Level 5.0 Evocations


You had 8 spell levels left.
You didn't know any spells.
Your spell library contained the following spells:

 Spells                   Type           Power      Damage    Failure   Level
 Apportation              Tloc           0%         N/A       98%         1
 Shock                    Conj/Air       0%         1d3       98%         1
 Static Discharge         Conj/Air       0%         3-3/arc   99%         2
 Conjure Flame            Conj/Fire      0%         6-21      100%        3
 Ignite Poison            Fire/Tmut/Pois 0%         N/A       100%        3
 Stone Arrow              Conj/Erth      0%         3d7       100%        3
 Summon Guardian Golem    Hex/Summ       0%         N/A       100%        3
 Airstrike                Air            0%         2d(0-16)  100%        4
 Hailstorm                Conj/Ice       0%         3d3       100%        4
 Leda's Liquefaction      Hex/Erth       0%         N/A       100%        4
 Sticky Flame             Conj/Fire      0%         2d3       100%        4
 Summon Ice Beast         Ice/Summ       0%         N/A       100%        4
 Alistair's Intoxication  Tmut/Pois      0%         N/A       100%        5
 Lightning Bolt           Conj/Air       0%         1d11      100%        5
 Ozocubu's Refrigeration  Ice            0%         4d7       100%        7
 Maxwell's Capacitive Co  Air            0%         ∞         100%        8
 Swiftness                Air            Unusable   N/A       N/A         3

Dungeon Overview and Level Annotations

Branches:
Dungeon (8/15)             Temple (1/1) D:4
   Lair: D:8-11

Altars:
Ashenzari
Elyvilon
Fedhas
Gozag
Hepliaklqana
Kikubaaqudgha
Makhleb
Okawaru
Ru
Trog
Uskayaw
Vehumet
Wu Jian
Zin
The Shining One

Shops:
D:6 *


Innate Abilities, Weirdness & Mutations

You cannot be hasted, slowed, berserked, paralysed or teleported.
You can dig through walls and to a lower floor.
You have a pair of large antennae on your head. (SInv)
Your four strong arms can wield two-handed weapons with a shield.


Message History

HP restored.
You sense a monster nearby.
A troll comes into view.
The troll shouts!
A troll is nearby!
You open the door. The troll bites you but does no damage.
The troll claws you but does no damage. The troll closely misses you.
There is an open door here.
You thump the troll!
The troll appears confused.
The troll is lightly wounded.
You completely miss the troll.
The troll is lightly wounded.
The troll shouts, "What's happening?!"
The troll bites you but does no damage. The troll claws you but does no damage.
The troll claws you.
You completely miss the troll.
The troll is lightly wounded.
You sock the troll!
The troll seems to grow stronger.
The troll is lightly wounded.
The troll seems less confused.
You hit the troll.
The troll seems to speed up.
The troll is moderately wounded.
The troll bites you but does no damage. The troll barely misses you. x2
The troll bites you!
The troll claws you but does no damage. x2
You hit the troll but do no damage.
The troll is poisoned.
The troll is moderately wounded.
The troll bites you but does no damage. The troll claws you but does no damage.
The troll closely misses you.
You sock the troll!
The troll is heavily wounded.
The troll closely misses you. x2; The troll claws you!
You hit the troll.
The troll is heavily wounded.
The troll bites you! The troll claws you!
* * * LOW HITPOINT WARNING * * *
The troll claws you!
* * * LOW HITPOINT WARNING * * *
The troll bites you!!
You die...

#... +...# ## #.... .#
...## .# { ...# .## .#
{{ { #####.##..#..#
#............#
#....'.@.....#
#....#..T....#
##########....####+####
#........#....#
#........#....#
#........'....#
#........#....#
#........#....#
##########....#


You could see a troll (fast, strong, very poisoned).

Vanquished Creatures
  Grinder (D:6)
  Eustachio (D:4)
  A water moccasin (D:5)
  4 ice beasts
  2 necrophages
  A gnoll sergeant (D:6)
  A scorpion (D:5)
  A jelly (D:5)
  A hound (D:6)
  Crazy Yiuf (D:4)
  Terence (D:2)
  2 iguanas (D:6)
  Natasha (thrice) (D:3)
  3 orc wizards
  Robin (D:4)
  8 gnolls
  7 adders
  2 white imps
  An ufetubus (D:7)
  2 worms (D:4)
  4 dart slugs
  20 orcs
  4 ball pythons
  8 endoplasms
  3 giant cockroaches
  16 goblins
  18 hobgoblins
  8 jackals (D:3)
  14 kobolds
  5 quokkas
  5 bats
  4 frilled lizards
  2 rats
155 creatures vanquished.

Vanquished Creatures (others)
  6 plants (D:8)
6 creatures vanquished.

Grand Total: 161 creatures vanquished

Notes
Turn   | Place    | Note
-------+----------+-------------------------------------------
     0 | D:1      | MisterFreud the Formicid Gladiator began the quest for the
                  | Orb.
     0 | D:1      | Reached XP level 1. HP: 16/16 MP: 1/1
   134 | D:1      | Reached XP level 2. HP: 16/22 MP: 2/2
   347 | D:1      | HP: 1/22 [kobold/+0 short sword (3)]
   826 | D:1      | Reached skill level 4 in Staves
   826 | D:1      | Reached XP level 3. HP: 27/27 MP: 3/3
  1597 | D:2      | Reached XP level 4. HP: 30/33 MP: 4/4
  1876 | D:2      | Noticed Terence
  1892 | D:3      | Reached skill level 1 in Evocations
  2671 | D:3      | Found an ornate altar of the Wu Jian Council.
  2899 | D:3      | Noticed Natasha
  2909 | D:3      | Killed Natasha
  2910 | D:3      | Reached XP level 5. HP: 7/39 MP: 5/5
  3171 | D:3      | Noticed Natasha
  3178 | D:3      | Killed Natasha
  3179 | D:3      | Reached skill level 5 in Staves
  3185 | D:3      | Noticed Natasha
  3191 | D:3      | Killed Natasha
  3551 | D:2      | Killed Terence
  3552 | D:2      | Reached XP level 6. HP: 41/47 MP: 6/6
  3638 | D:2      | Got the Precepts of Petrous Transformation
  4018 | D:4      | Noticed Eustachio
  4158 | D:4      | Found a staircase to the Ecumenical Temple.
  4193 | Temple   | Entered the Ecumenical Temple
  4306 | D:4      | You fall into a shaft and drop 3 floors!
  4683 | D:6      | Found a broken altar of Ashenzari.
  4705 | D:6      | Found a glowing golden altar of the Shining One.
  4706 | D:6      | Found a glowing silver altar of Zin.
  4706 | D:6      | Found a white marble altar of Elyvilon.
  5000 | D:5      | Entered Level 5 of the Dungeon
  5010 | D:5      | Reached XP level 7. HP: 49/55 MP: 7/7
  5183 | D:4      | Noticed Robin
  5328 | D:4      | Killed Robin
  5816 | D:4      | Reached skill level 5 in Fighting
  5841 | D:4      | Killed Eustachio
  5842 | D:4      | Reached skill level 6 in Staves
  6475 | D:4      | Found a runed translucent door.
  6476 | D:4      | Noticed Crazy Yiuf
  6485 | D:4      | Killed Crazy Yiuf
  6676 | D:5      | Reached skill level 5 in Evocations
  6681 | D:5      | Reached skill level 1 in Armour
  6681 | D:5      | Reached XP level 8. HP: 60/62 MP: 8/8
  7175 | D:5      | Got Sif Muna's Secrets of Companions and Rime
  7733 | D:6      | Reached skill level 5 in Armour
  7892 | D:6      | Found Tawet's Assorted Antiques.
  7900 | D:6      | Bought a scroll labelled QUGADA HOMAFFYTA for 29 gold
                  | pieces
  7913 | D:6      | Reached skill level 7 in Staves
  7935 | D:6      | Found a hide-covered altar of Uskayaw.
  7952 | D:6      | Noticed Grinder
  7971 | D:6      | Killed Grinder
  7972 | D:6      | Reached XP level 9. HP: 53/68 MP: 9/9
  8068 | D:6      | You fall into a shaft and drop 2 floors!
  8214 | D:8      | Found a hazy altar of Hepliaklqana.
  8264 | D:8      | Identified the +2 leather armour "Miji Juu" {rElec rPois
                  | rF++ Stlth-}
  8291 | D:7      | Reached skill level 8 in Staves
  8705 | D:7      | You fall into a shaft and drop 3 floors!
  8705 | D:10     | Entered Level 10 of the Dungeon
  8771 | D:10     | Found an iron altar of Okawaru.
  8976 | D:10     | Noticed a troll
  8990 | D:10     | Demolished by a troll

Illustrated notes

Levels and vault maps discovered:
D:1:      wander_arrival_abandoned_jail, layout_basic
D:2:      layout_loops_cross, uniq_terence
D:3:      layout_basic, nicolae_wu_jian_glorious_leap, uniq_natasha
D:4:      layout_rooms, minmay_temple_entry_statues_pillars, minmay_liquid_box,
          uniq_crazy_yiuf_cottage, uniq_robin, uniq_eustachio
D:5:      corexii_shantytown, layout_loops_ring
D:6:      layout_basic, dreamdust_divine_triumvirate, kennysheep_mini,
          ashenzari_conservatory_becter, serial_shops, nicolae_shop_stone,
          uniq_grinder
D:7:      layout_gridville, minmay_misc_feat_enclosed
D:8:      layout_loops_cross, mainiacjoe_overflow_24_doors, serial_bayou_pond_b,
          minmay_chambers_of_fives
D:10:     layout_grid_maze, mainiacjoe_overflow_swirl, kennysheep_slug_shrine,
          nicolae_qazlal_general_emergency, okawaru_metal_pillars_1_2,
          mainiacjoe_overflow_catch_the_wave, serial_shops,
          nicolae_take_the_stairs, minmay_unpleasant_kobolds
Temple:   nicolae_temple_little_seven

Skill      XL: |  1  2  3  4  5  6  7  8  9 |
---------------+----------------------------+-----
Staves         | 4 5 6 7 8 |  8.5
Evocations     | 2 3 5 |  5.0
Fighting       | 3 4 5 |  5.0
Armour         | 1 5 |  5.0
Throwing       | |  2.0
Dodging        | |  2.6

Action                   |  1- 3 |  4- 6 |  7- 9 || total
-------------------------+-------+-------+-------++-------
Melee: Quarterstaff      |   115 |   145 |   233 ||   493
       Punch             |       |     2 |     1 ||     3
Throw: Dart              |       |     8 |       ||     8
 Abil: Shaft Self        |       |     1 |     1 ||     2
  Use: Scroll            |     4 |     6 |    11 ||    21
 Stab: Paralysed         |       |       |     1 ||     1
Armor: Leather armour    |    22 |       |       ||    22
       Chain mail        |    32 |    67 |   151 ||   250
Dodge: Dodged            |    81 |    55 |   121 ||   257
